Cogmind - Beta 16.1 @@@ ROGUE MODE // 2026.02.22 @ 00:16:49 // AFD2019/Pay2Buy Player: UniqueName Result: Destroyed by S-27 Virus with Autogun Performance ------------- Evolutions (3) 1500 Regions Visited (8) 1600 Robots Destroyed (137) 685 Value Destroyed (5219) 5219 Prototype IDs (9) 180 Alien Tech Used (0) 0 Bonus (1499) 1499 TOTAL SCORE: 10683 Bonus ------- High Alert Combat Kills 999 Entered Garrisons 200 Aligned with FarCom 300 Cogmind --------- Core Integrity 0/700 Matter 272/300 Energy 508/800 System Corruption 0% Temperature Cool (0) Movement Flying (105) Ox1 Location -7/Garrison Parts ------- > --- POWER (1) -------- Hybrid Deuterium Engine > --- PROPULSION (5) --- Biomechanical Wings > --- UTILITY (4) ------ Advanced Visual Processing Unit > --- WEAPON (3) ------- Heavy Pick > --- INVENTORY (10) --- Fission Core Launcher Loader Hammer Peak State ------------ > --- POWER ------------ Enhanced Nuclear Core > --- PROPULSION ------- Gravmag Array Gravmag Array > --- UTILITY ---------- Cooling System Advanced Visual Processing Unit Launcher Loader > --- WEAPON ----------- Bolt Gun Long-range Missile Launcher Long-range Missile Launcher > --- INVENTORY -------- Fission Core Hammer [Rating: 51] Favorites ----------- Power Heavy Ion Engine Engine Heavy Ion Engine Power Core Enhanced Nuclear Core Propulsion Improved Aluminum Leg Leg Improved Aluminum Leg Hover Unit Gravmag Array Flight Unit Cesium-ion Thruster Utility Signal Interpreter Device Cooling System Processor Signal Interpreter Protection Hardened Light Armor Plating Weapon Improved Assault Rifle Energy Gun Tesla Rifle Energy Cannon Advanced Beam Cannon Ballistic Gun Improved Assault Rifle Ballistic Cannon Flak Cannon Launcher Heavy Rocket Launcher Impact Weapon Hammer Slashing Weapon Greatsword Piercing Weapon Heavy Pick Build | -11 -10 -10 -10 -9 -8 -8 -7 -7 ------- Run | Yrd Mat Min Exi Min Mat Sto Fac Gar Slots Evolved 6 | . . . . . 4 . 2 . Power . | . . . . . . . . . Propulsion 3 | . . . . . 2 . 1 . Utility 2 | . . . . . 1 . 1 . Weapon 1 | . . . . . 1 . . . Parts Attached 17 | 1 3 . . . 5 6 1 1 Power . | . . . . . . . . . Engine . | . . . . . . . . . Core . | . . . . . . . . . Reactor . | . . . . . . . . . Propulsion 1 | . . . . . . 1 . . Treads . | . . . . . . . . . Leg 1 | . . . . . . 1 . . Wheel . | . . . . . . . . . Hover . | . . . . . . . . . Flight . | . . . . . . . . . Utility 2 | . 1 . . . 1 . . . Device . | . . . . . . . . . Storage . | . . . . . . . . . Processor 1 | . 1 . . . . . . . Hackware . | . . . . . . . . . Protection 1 | . . . . . 1 . . . Artifact . | . . . . . . . . . Weapon 14 | 1 2 . . . 4 5 1 1 Energy Gun 2 | . . . . . 1 1 . . Energy Cannon 1 | . . . . . 1 . . . Ballistic Gun 4 | 1 1 . . . . 2 . . Ballistic Cannon . | . . . . . . . . . Launcher 4 | . . . . . 2 1 1 . Special Weapon . | . . . . . . . . . Impact Weapon 1 | . 1 . . . . . . . Slashing Weapon 1 | . . . . . . 1 . . Piercing Weapon 1 | . . . . . . . . 1 Special Melee Weapon . | . . . . . . . . . Unidentified Prototypes . | . . . . . . . . . Parts Lost 41 | . 2 1 . . 7 13 9 9 Power 4 | . . . . . . 2 1 1 Propulsion 12 | . 2 . . . 2 2 2 4 Utility 6 | . . . . . 2 2 1 1 Weapon 19 | . . 1 . . 3 7 5 3 Highest Loss Streak 9 | . 1 1 . . 5 4 3 9 To Critical Strikes . | . . . . . . . . . Average Backups 3 | 1 2 5 6 6 3 2 2 3 Power . | . . . . . . . 1 1 Propulsion . | . . . . . . . . . Utility . | . . 1 1 1 . . . . Weapon 2 | 1 1 4 5 5 2 1 1 2 Tool/Special . | . . . . . . . . . Unused Backups 1 | . . . . . . . . 1 Power 1 | . . . . . . . . 1 Propulsion . | . . . . . . . . . Utility . | . . . . . . . . . Weapon . | . . . . . . . . . Tool/Special . | . . . . . . . . . Average Slot Usage (%) 70 | . 84 93 85 85 57 61 49 48 Engine 6 | . 5 14 14 14 9 6 . 1 Core 1 | . . . . . . 2 6 4 Leg 11 | . 10 28 28 28 11 8 . . Hover 6 | . 12 . . . . 5 7 5 Device 3 | . . . . . . 5 8 11 Processor 10 | . 7 14 14 14 9 11 11 7 Protection 7 | . 19 14 14 14 3 . . . Energy Cannon 1 | . . . . . 2 3 . . Ballistic Gun 14 | . 27 21 14 14 7 10 3 5 Launcher 3 | . . . . . 11 6 6 5 Peak Build Rating 51 | 12 17 17 14 14 18 40 51 37 Average Rating 20 | 11 12 15 14 14 14 25 30 33 On Entrance 16 | . 12 17 14 14 14 6 34 37 Avg Prop Armor Cover (%) 6 | . . . . . . 6 . . Naked Turns . | . . . . . . . . . Heaviest Build 31 | 18 19 19 16 16 26 30 31 31 Greatest Support 40 | 12 26 26 26 26 26 34 40 21 Greatest Overweight (x) 5 | 1 3 . . . 4 3 5 1 Average Overweight (x) . | 1 . . . . . . . . Largest Inventory Capacity 10 | 10 10 10 10 10 10 10 10 10 Average Capacity 10 | 10 10 10 10 10 10 10 10 10 Most Carried 7 | 1 5 6 6 6 5 7 4 4 Average Carried 3 | 1 2 5 6 6 3 2 3 3 Final Capacity 10 | 10 10 10 10 10 10 10 10 10 Final Carried 6 | 1 5 6 6 6 2 4 3 4 Class Distribution -------------------- 78% | Mutant 19% | Skirmisher Dominant Class ---------------- Mutant | -10/Materials Mutant | -10/Mines Mutant | -10/Exiles Mutant | -9/Mines Skirmisher | -8/Materials Mutant | -8/Storage Mutant | -7/Factory Mutant | -7/Garrison Resources | -11 -10 -10 -10 -9 -8 -8 -7 -7 ----------- Run | Yrd Mat Min Exi Min Mat Sto Fac Gar Matter Collected 2812 | . 559 16 . . 113 1104 520 500 Remotely 129 | . . . . . . 129 . . Salvage Created 4419 | . 680 58 . . 434 2103 599 545 Parts . | . . . . . . . . . Haulers Intercepted 7 | . 2 . . . . 4 1 . Recyclers Shooed . | . . . . . . . . . Parts Field Recycled . | . . . . . . . . . Retrieved Matter . | . . . . . . . . . Parts Self-Destructed . | . . . . . . . . . Prevented . | . . . . . . . . . Parts Restored . | . . . . . . . . . Kills | -11 -10 -10 -10 -9 -8 -8 -7 -7 ------- Run | Yrd Mat Min Exi Min Mat Sto Fac Gar Combat Hostiles Destroyed 105 | . 15 1 . . 11 47 19 12 Melee 2 | . . . . . . . . 2 Guns 38 | . 15 1 . . 2 18 1 1 Cannons 19 | . . . . . . 10 9 . AOE 44 | . . . . . 9 17 9 9 Classes Destroyed 18 | . 6 1 . . 3 6 2 . Worker 7 | . . . . . 1 3 3 . Builder 2 | . . . . . 2 . . . Tunneler 1 | . . . . . . . 1 . Hauler 7 | . 2 . . . . 4 1 . Recycler 8 | . 1 . . . 1 5 1 . Operator 2 | . 1 . . . . . 1 . Drone 1 | . . . . . . 1 . . Watcher 5 | . 3 . . . . 2 . . Swarmer 18 | . 6 . . . . 5 3 4 Grunt 57 | . 9 . . . 9 23 9 7 Brawler 2 | . . . . . . 2 . . Duelist 3 | . . . . . . 2 . 1 Protector 4 | . . . . . . 4 . . Sentry 16 | . . 1 . . 1 9 5 . Demolisher 1 | . . . . . . 1 . . Hunter 1 | . . . . . . 1 . . Programmer 2 | . . . . . . . 2 . Heavy 1 | . . . . . 1 . . . Best Kill Streak 16 | . 5 1 . . 10 16 8 8 Combat Bots Only 12 | . 5 1 . . 7 12 8 8 Max Kills in Single Turn 3 | . 1 1 . . 2 3 3 3 Gunslinging 1 | . . . . . . 1 . . Exploded 3 | . . . . . 2 3 2 3 Melee 1 | . . . . . . . . 1 Uniques/NPCs Destroyed . | . . . . . . . . . Combat | -11 -10 -10 -10 -9 -8 -8 -7 -7 -------- Run | Yrd Mat Min Exi Min Mat Sto Fac Gar Hostile Shots Fired 576 | . 74 6 . . 45 153 204 94 Missed 214 | . 24 . . . 11 46 98 35 Hits 362 | . 50 6 . . 34 107 106 59 Melee 1 | . . . . . . 1 . . Projectile 361 | . 50 6 . . 34 106 106 59 AOE 3 | . . . . . . 3 . . Critical Strikes 5 | . . . . . 1 4 . . Damage Taken 5627 | . 596 87 . . 794 1875 1264 1011 Core 1279 | . 63 . . . 195 317 236 468 Absorbed by Shields . | . . . . . . . . . Core Remaining (%) 60 | 100 . . . 74 . 6 . . Volleys Fired 291 | . 54 4 . . 25 108 70 30 Largest 3 | . 2 2 . . 3 3 3 1 Hottest 172 | . 46 46 . . 89 172 132 43 Shots Fired 470 | . 108 7 . . 48 194 83 30 Gun 277 | . 108 7 . . 25 112 15 10 Cannon 78 | . . . . . . 51 27 . Launcher 115 | . . . . . 23 31 41 20 Special . | . . . . . . . . . Kinetic 278 | . 108 7 . . 15 101 37 10 Thermal 62 | . . . . . 10 52 . . Explosive 115 | . . . . . 23 31 41 20 Electromagnetic 15 | . . . . . . 10 5 . Robot Hit Streak 18 | . 18 8 . . 13 11 10 9 Robot Miss Streak 10 | . 4 . . . 4 4 10 3 Penetration Max 1 | . . . . . . 1 1 . Secondary Targets 4 | . 2 . . . . 2 . . Max Gunslinging Chain 1 | . 1 . . . . 1 . . Shots Hit Robots 294 | . 65 7 . . 34 112 54 22 Core Hits 307 | . 29 2 . . 41 115 71 49 Critical Kills 2 | . . . . . . 2 . . Critical Parts Destroyed 1 | . . . . . . 1 . . Critical Strikes 3 | . . . . . . 3 . . Meltdown 2 | . . . . . . 2 . . Destroy 1 | . . . . . . 1 . . Melee Attacks 21 | . 1 . . . . 4 6 10 Impact 1 | . 1 . . . . . . . Slashing 10 | . . . . . . 4 6 . Piercing 10 | . . . . . . . . 10 Sneak Attacks . | . . . . . . . . . Combat Hostiles . | . . . . . . . . . Follow-up Attacks . | . . . . . . . . . Damage Inflicted 13328 | . 1006 108 . . 1419 5709 2253 2833 Guns 3311 | . 1006 108 . . 317 1631 199 50 Cannons 1042 | . . . . . . 565 477 . Explosions 8761 | . . . . . 1102 3513 1532 2614 Melee 214 | . . . . . . . 45 169 Ramming . | . . . . . . . . . Kinetic 3425 | . 1006 108 . . 182 1487 592 50 Thermal 968 | . . . . . 135 571 262 . Explosive 8499 | . . . . . 1102 3513 1270 2614 Electromagnetic 222 | . . . . . . 138 84 . Impact . | . . . . . . . . . Slashing 45 | . . . . . . . 45 . Piercing 169 | . . . . . . . . 169 Highest Corruption 1 | . . . . . . 1 . . Average Corruption 1 | . . . . . . 1 . . Corruption Purged . | . . . . . . . . . Corruption Blocked . | . . . . . . . . . Effects 11 | . . . . . . 11 . . Message Errors 1 | . . . . . . 1 . . Matter Fused 2 | . . . . . . 2 . . Heat Flow Errors 1 | . . . . . . 1 . . Data Loss (minor) 3 | . . . . . . 3 . . Misfires 3 | . . . . . . 3 . . Weapon Failures 1 | . . . . . . 1 . . Overload Shots . | . . . . . . . . . Overflow Damage 290 | . . . . . 9 98 98 85 Projectiles 14 | . . . . . . 14 . . Explosions 243 | . . . . . 9 84 98 52 Melee 33 | . . . . . . . . 33 Knockbacks 17 | . . . . . . . 17 . Impact . | . . . . . . . . . Kinetic 16 | . . . . . . . 16 . Secondary 1 | . . . . . . . 1 . Self-Inflicted Damage 757 | . . . . . 37 320 210 190 Shots 19 | . . . . . 1 8 4 6 Rammed . | . . . . . . . . . Targets Rammed . | . . . . . . . . . Kicked . | . . . . . . . . . Crushed . | . . . . . . . . . Highest Temperature 443 | . 42 27 . . 115 443 14 11 Average Temperature 74 | . 20 15 . . 35 109 8 7 Received Heat Transfer 1350 | . 114 27 . . 216 630 216 147 Siege Activations . | . . . . . . . . . Martial Activations . | . . . . . . . . . Shielding Activations . | . . . . . . . . . Robots Disrupted . | . . . . . . . . . Combat Hostiles . | . . . . . . . . . Robots Corrupted . | . . . . . . . . . Combat Hostiles . | . . . . . . . . . Parts Fried . | . . . . . . . . . Impact Corruptions . | . . . . . . . . . Robots Melted 2 | . . . . . . 2 . . Combat Hostiles 2 | . . . . . . 2 . . Parts Melted . | . . . . . . . . . Heat Transferred 1383 | . . . . . 165 1018 200 . Parts Sabotaged . | . . . . . . . . . Parts Stolen . | . . . . . . . . . Parts Stripped . | . . . . . . . . . Power Chain Reactions . | . . . . . . . . . Alert | -11 -10 -10 -10 -9 -8 -8 -7 -7 ------- Run | Yrd Mat Min Exi Min Mat Sto Fac Gar Maximum Alert Level 4 | . . . . . 1 3 4 4 Low Security (%) 48 | 100 100 100 . 100 78 5 10 . Level 1 14 | . . . . . 21 17 48 . Level 2 17 | . . . . . . 51 11 . Level 3 16 | . . . . . . 25 22 76 Level 4 2 | . . . . . . . 7 23 Level 5 . | . . . . . . . . . High Security . | . . . . . . . . . Max Security . | . . . . . . . . . Peak Influence 1151 | . 131 20 . . 273 944 1151 1139 Initial 795 | . . 19 . . . 102 282 795 Average 339 | . 47 1 . . 124 584 513 943 Influence Increases 4370 | . 449 20 . . 403 1756 1313 429 Destroy 0b10 Robot/C 2020 | . 300 20 . . 220 860 380 240 Destroy 0b10 Robot/NC 195 | . 35 . . . 20 90 35 15 Destroy Leader 424 | . 70 . . . 50 182 112 10 Successful Hack 46 | . 10 . . . . 28 8 . Disable Machine 630 | . 15 . . . . 150 450 15 Anti-Garrison Action 200 | . . . . . . 150 . 50 Destroy Structure 795 | . 4 . . . 113 296 298 84 Partial Spotted 15 | . . . . . . . 15 . Lose Combat Pursuer 45 | . 15 . . . . . 15 15 Influence Decreases 3236 | . 397 72 . . 160 1377 798 432 Entered New Map 856 | . . 33 . . . 141 340 342 Time Decay 1400 | . 347 39 . . 90 556 368 . Lost Part 390 | . 10 . . . 70 130 90 90 Lost Ally 100 | . . . . . . 100 . . Purge Threat 490 | . 40 . . . . 450 . . Squads Dispatched 20 | . 2 . . . 3 7 8 . Investigation 4 | . 2 . . . . 1 1 . Extermination 2 | . . . . . . . 2 . Reinforcement 6 | . . . . . 3 1 2 . Assault 4 | . . . . . . 4 . . Garrison 4 | . . . . . . 1 3 . Intercept . | . . . . . . . . . Searches Triggered . | . . . . . . . . . Construction Impeded 1 | . . . . . . 1 . . Haulers Reinforced 2 | . . . . . . . 2 . Active Scanning Responses . | . . . . . . . . . Cargo Convoy Interrupts . | . . . . . . . . . Stealth | -11 -10 -10 -10 -9 -8 -8 -7 -7 --------- Run | Yrd Mat Min Exi Min Mat Sto Fac Gar Distress Signals 2 | . . . . . . 1 1 . Communications Jammed . | . . . . . . . . . Distress Signals . | . . . . . . . . . Times Spotted 129 | . 22 1 . 1 14 47 24 20 Peak Tracking Total 12 | . 3 2 . 1 4 12 6 9 Tactical Retreats 3 | . 1 . . . . . 1 1 Traps | -11 -10 -10 -10 -9 -8 -8 -7 -7 ------- Run | Yrd Mat Min Exi Min Mat Sto Fac Gar Traps Triggered 3 | . 2 . . . . 1 . . Indirectly . | . . . . . . . . . Trap Hack Attempts . | . . . . . . . . . Triggered . | . . . . . . . . . Disarmed . | . . . . . . . . . Reprogrammed . | . . . . . . . . . Reused . | . . . . . . . . . Traps Extracted . | . . . . . . . . . Installed . | . . . . . . . . . Triggered . | . . . . . . . . . Machines | -11 -10 -10 -10 -9 -8 -8 -7 -7 ---------- Run | Yrd Mat Min Exi Min Mat Sto Fac Gar Machines Disabled 44 | . 1 . . . . 11 30 2 Max in Single Turn 4 | . 1 . . . . 2 4 1 Garrison Access 1 | . . . . . . 1 . . Garrison Relay 1 | . . . . . . . . 1 Machines Repaired . | . . . . . . . . . Machines Dismantled . | . . . . . . . . . Machines Sabotaged . | . . . . . . . . . Overloaded Fab Kills . | . . . . . . . . . Hacking | -11 -10 -10 -10 -9 -8 -8 -7 -7 --------- Run | Yrd Mat Min Exi Min Mat Sto Fac Gar Machines Accessed 17 | . 4 1 . . 1 9 2 . Terminals 15 | . 4 . . . 1 9 1 . Fabricators . | . . . . . . . . . Repair Stations . | . . . . . . . . . Recycling Units . | . . . . . . . . . Scanalyzers . | . . . . . . . . . Garrison Access 1 | . . . . . . . 1 . Total Hacks 42 | . 11 1 . . 1 24 5 . Successful 21 | . 4 1 . . 1 11 4 . Failed 21 | . 7 . . . . 13 1 . Catastrophic 4 | . 1 . . . . 3 . . Database Lockouts . | . . . . . . . . . Manual 1 | . . . 1 . . . . . Terminals 40 | . 11 . . . 1 24 4 . Fabricators . | . . . . . . . . . Repair Stations . | . . . . . . . . . Recycling Units . | . . . . . . . . . Scanalyzers . | . . . . . . . . . Garrison Access 1 | . . . . . . . 1 . Terminal Hacks 20 | . 4 1 . . 1 11 3 . Record 1 | . 1 . . . . . . . Prototype ID Bank 3 | . 2 . . . . . 1 . Open Door 5 | . . 1 . . . 4 . . Branch Access Points 1 | . . . . . . 1 . . Alert Level 2 | . . . . . 1 1 . . Unreport Threat 4 | . 1 . . . . 3 . . Locate Traps 2 | . . . . . . 1 1 . Zone Layout 2 | . . . . . . 1 1 . Fabricator Hacks . | . . . . . . . . . Repair Station Hacks . | . . . . . . . . . Recycling Unit Hacks . | . . . . . . . . . Scanalyzer . | . . . . . . . . . Garrison Access Hacks 1 | . . . . . . . 1 . Unlock Access 1 | . . . . . . . 1 . Unauthorized Hacks . | . . . . . . . . . Terminals . | . . . . . . . . . Fabricators . | . . . . . . . . . Repair Stations . | . . . . . . . . . Recycling Units . | . . . . . . . . . Scanalyzers . | . . . . . . . . . Garrison Access . | . . . . . . . . . Data Cores Recovered 2 | . 1 . . . . . 1 . Used . | . . . . . . . . . Hacking Detections 10 | . 3 . . . 1 5 1 . Full Trace Events 4 | . 1 . . . . 2 1 . Feedback Events 1 | . . . . . . 1 . . Corruption 1 | . . . . . . 1 . . Feedback Blocked . | . . . . . . . . . Robot Schematics Acquired . | . . . . . . . . . Robots Built . | . . . . . . . . . Authchips . | . . . . . . . . . Time . | . . . . . . . . . Total Robot Build Rating . | . . . . . . . . . Part Schematics Acquired . | . . . . . . . . . Parts Built . | . . . . . . . . . Authchips . | . . . . . . . . . Time . | . . . . . . . . . Total Part Build Rating . | . . . . . . . . . Part Studies Acquired . | . . . . . . . . . Parts Repaired . | . . . . . . . . . Time . | . . . . . . . . . Parts Recycled . | . . . . . . . . . Recycled Matter . | . . . . . . . . . Retrieved Matter . | . . . . . . . . . Retrieved Components . | . . . . . . . . . Parts Scanalyzed . | . . . . . . . . . Part Schematics Acquired . | . . . . . . . . . Parts Damaged . | . . . . . . . . . Bothacking | -11 -10 -10 -10 -9 -8 -8 -7 -7 ------------ Run | Yrd Mat Min Exi Min Mat Sto Fac Gar Used RIF Installer . | . . . . . . . . . Robots Hacked . | . . . . . . . . . Non-combat . | . . . . . . . . . Combat . | . . . . . . . . . Robot Hacks Applied . | . . . . . . . . . Relay Couplers Released 7 | . . . . . . 3 . 4 Machine Destruction 7 | . . . . . . 3 . 4 Fabnet Peak Effective % . | . . . . . . . . . Robots Rewired . | . . . . . . . . . Allies Hacked . | . . . . . . . . . Hacks Repelled . | . . . . . . . . . Allies | -11 -10 -10 -10 -9 -8 -8 -7 -7 -------- Run | Yrd Mat Min Exi Min Mat Sto Fac Gar Total Allies 6 | . . 1 . . . 5 . . Largest Group 5 | . . 1 . . . 5 . . Highest-Rated Group 80 | . . 31 . . . 80 . . Highest-Rated Ally 31 | . . 31 . . . 16 . . Total Orders . | . . . . . . . . . Ally Attacks 7 | . . . . . . 7 . . Total Damage 61 | . . . . . . 61 . . Kills . | . . . . . . . . . Allies Corrupted . | . . . . . . . . . Allies Melted . | . . . . . . . . . Intel | -11 -10 -10 -10 -9 -8 -8 -7 -7 ------- Run | Yrd Mat Min Exi Min Mat Sto Fac Gar Active Infowar (turns) 1626 | . . . . . . 478 845 303 Optics 1626 | . . . . . . 478 845 303 Robot Analysis Total . | . . . . . . . . . Derelict Logs Recovered . | . . . . . . . . . Drone Launches 2 | . . . . . . 2 . . Drone Recoveries 1 | . . . . . . 1 . . Exploration | -11 -10 -10 -10 -9 -8 -8 -7 -7 ------------- Run | Yrd Mat Min Exi Min Mat Sto Fac Gar Turns Passed 5459 | 30 1235 866 281 30 247 1622 845 303 Spaces Moved 3893 | 25 848 695 235 26 109 1077 650 228 Core 153 | . 39 . . . 4 13 97 . Treads . | . . . . . . . . . Legs 1873 | . 365 695 235 26 105 447 . . Wheels . | . . . . . . . . . Hover 1816 | 25 444 . . . . 617 553 177 Flight 51 | . . . . . . . . 51 Fastest Speed 27 | 116 116 120 120 120 120 60 56 27 Average Speed 118 | 116 124 120 120 120 159 119 104 98 Slowest Speed 300 | 116 200 120 120 120 250 200 300 110 Overloaded Moves . | . . . . . . . . . Propulsion Burnouts . | . . . . . . . . . Robots Hopped . | . . . . . . . . . Potential Cave-ins . | . . . . . . . . . Cave-ins Triggered . | . . . . . . . . . Exploration Rate (%) 47 | 3 96 98 61 14 20 84 22 31 Regions Visited 8 Branch Regions 4 Pre-discovered Areas . | . . . . . . . . . Known Exits Taken 7 | . 1 1 1 1 1 1 1 . Unknown Exits Taken 1 | 1 . . . . . . . . Scrap Searched . | . . . . . . . . . Spaces Dug 64 | . . . . . . 48 16 . Terrain Destroyed 1117 | . . . . . 146 385 346 240 Melee 1 | . . . . . . 1 . . Projectile 5 | . . . . . . 5 . . AOE 1111 | . . . . . 146 379 346 240 Terrain Rammed . | . . . . . . . . . Walls Destroyed . | . . . . . . . . . Machines Disabled . | . . . . . . . . . Actions | -11 -10 -10 -10 -9 -8 -8 -7 -7 --------- Run | Yrd Mat Min Exi Min Mat Sto Fac Gar Total 4292 | 25 915 720 234 25 141 1221 733 278 Wait 61 | . 8 21 . . 1 22 4 5 Move 3886 | 24 847 694 234 25 108 1076 650 228 Hop . | . . . . . . . . . Pick Up 3 | . 1 1 . . . 1 . . Fast Attach 2 | . 1 . . . . 1 . . Attach 14 | . . . . . 4 6 2 2 Detach 6 | . . . . . . 3 1 2 Swap 6 | 1 2 . . . 3 . . . Drop 1 | . 1 . . . . . . . Fire 291 | . 54 4 . . 25 108 70 30 Melee 21 | . 1 . . . . 4 6 10 Ram . | . . . . . . . . . Kick . | . . . . . . . . . Crush . | . . . . . . . . . Escape Stasis . | . . . . . . . . . Rewire 1 | . . . . . . . . 1 Trap . | . . . . . . . . . Miscellaneous . | . . . . . . . . . Route ------- -11/Scrapyard -10/Materials (discovered 5 exits: *Mat x3 / *Min / *Sub) -10/Mines (discovered 4 exits: *Mat x2 / *Exi / *Sub) -10/Exiles (discovered 2 exits: *Min x2) -9/Mines -8/Materials -8/Storage (discovered 2 exits: *Fac / Rec) -7/Factory -7/Garrison History --------- Turn | Location | Event 10 | -11/Scrapyard | Discovered new exit (range 14) 31 | -11/Scrapyard | Entered Materials 158 | -10/Materials | Discovered new exit (range 13) 317 | -10/Materials | Build established: Mutant 354 | -10/Materials | Discovered new exit (range 15) 428 | -10/Materials | Discovered new exit (range 13) 853 | -10/Materials | Discovered new exit (range 12) 1078 | -10/Materials | Discovered new exit (range 4) 1262 | -10/Materials | Identified exit to Mines 1266 | -10/Materials | Entered Mines 1270 | -10/Mines | Met a Derelict bent on vengeance 1413 | -10/Mines | Received a Rocket Launcher from a helpful Derelict 1731 | -10/Mines | Joined a pair of Derelicts in attacking an 0b10 outpost 1774 | -10/Mines | Received a Mining Laser from a helpful Derelict 1893 | -10/Mines | Discovered new exit (range 7) 1899 | -10/Mines | Identified exit to Materials 1907 | -10/Mines | Discovered new exit (range 6) 1913 | -10/Mines | Identified exit to Subcaves 1930 | -10/Mines | Discovered exit to Materials (range 9) 1957 | -10/Mines | Found the Drone Emporium 2125 | -10/Mines | Deemed a non-threat by the Exiles lab entrance 2126 | -10/Mines | Discovered new exit (range 5) 2130 | -10/Mines | Identified exit to Exiles 2132 | -10/Mines | Entered Exiles 2150 | -10/Exiles | Discovered new exit (range 15) 2165 | -10/Exiles | Met 8R-AWN 2182 | -10/Exiles | Met EX-HEX 2224 | -10/Exiles | Met EX-BIN 2245 | -10/Exiles | Aligned with FarCom system 2246 | -10/Exiles | Given EX-Vault access code 2281 | -10/Exiles | Opened EX-Vault 2314 | -10/Exiles | Warned to stay clear of 0b10 Research branches 2354 | -10/Exiles | Met EX-DEC 2398 | -10/Exiles | Discovered new exit (range 10) 2412 | -10/Exiles | Identified exit to Mines 2413 | -10/Exiles | Entered Mines 2414 | -9/Mines | Assembled infested the area 2439 | -9/Mines | Discovered new exit (range 5) 2442 | -9/Mines | Identified exit to Materials 2443 | -9/Mines | Entered Materials 2443 | -8/Materials | Evolved 4 slots: Propulsion x2, Utility x1, Weapon x1 2584 | -8/Materials | Destroyed 7 combat bots 2626 | -8/Materials | Discovered new exit (range 8) 2663 | -8/Materials | Identified exit to Storage 2690 | -8/Materials | Entered Storage 2718 | -8/Storage | Lost 5 parts (1n1u3w) 2794 | -8/Storage | Discovered new exit (range 15) 2923 | -8/Storage | Identified exit to Recycling 3090 | -8/Storage | First assault squad dispatched 3118 | -8/Storage | Core integrity fell below 50% 3147 | -8/Storage | Discovered new exit (range 10) 3193 | -8/Storage | Assisted by bots powering up and referring to "LRC-V3" 3193 | -8/Storage | Destroyed 11 combat bots 3274 | -8/Storage | Garrison activated, responded to threat 3306 | -8/Storage | Lost 5 allies 3310 | -8/Storage | Lost 3 parts (1p1n1w) 3371 | -8/Storage | Lost 4 parts (2u2w) 3372 | -8/Storage | Destroyed 12 combat bots 3659 | -8/Storage | Core integrity fell below 20% 3964 | -8/Storage | Build established: Skirmisher 4310 | -8/Storage | Identified exit to Factory 4312 | -8/Storage | Entered Factory 4312 | -7/Factory | Evolved 2 slots: Propulsion x1, Utility x1 4480 | -7/Factory | Lost 3 parts (1n2w) 4727 | -7/Factory | Build established: Mutant 4856 | -7/Factory | Destroyed 8 combat bots 5157 | -7/Factory | Identified exit to Garrison 5157 | -7/Factory | Entered Garrison 5292 | -7/Garrison | Triggered checkpoint 5369 | -7/Garrison | Triggered checkpoint 5400 | -7/Garrison | Destroyed 8 combat bots 5415 | -7/Garrison | Core integrity fell below 50% 5454 | -7/Garrison | Core integrity fell below 20% 5457 | -7/Garrison | Lost 9 parts (1p4n1u3w) 5460 | -7/Garrison | Destroyed by S-27 Virus with Autogun Last Messages --------------- [Purchased: Hyb. Deuterium Engine] 05396_ Bolt penetrates S-27 Virus. 05397_ The unstable cave ceiling collapses. 05397_ Bolt penetrates Earth. 05401_ The unstable cave ceiling collapses. 05401_ Bolt penetrates S-27 Virus. 05403_ Bolt penetrates Earth. 05404_ Bolt Gun destroyed. 05408_ Cesium-ion Thruster destroyed. 05413_ Destroyed VTOL Module. 05419_ G-47 Trooper destroyed. 05426_ Cesium-ion Thruster destroyed. 05427_ The unstable cave ceiling collapses. 05433_ S-27 Virus destroyed. 05439_ Acquired 44 matter. 05440_ The unstable cave ceiling collapses. 05442_ Acquired 27 matter. 05450_ Acquired 48 matter. 05457_ S-27 Virus destroyed. 05460_ Destroyed VTOL Module. Map ----- +----------------------------------------------------+ | ??????????????????????????????????# #??? | | ??????????????????????????????????# ##########??? | | ??????????????????????????????????# #???????????? | | ??????????????????????????????????# #???????????? | | ??????????????????????????????????# #???????????? | | ??????????????????????????????????# #???????????? | | ??????????????????##??????????????# #???????????? | | ?????????????????## ############### #???????????? | | ????????????????## #???????????? | | ????????????????# #???????????? | | ???????????????## ############???????????? | | ???????????????# #??????????????????????? | | ???????????????### #??????????????????????? | | ????????????????# ## # #??????????????????????? | | ???????????????# # #??????????????????????? | | ?????????????####### # #??????????????????????? | | ?????????#???# # #??????????????????????? | | ????????## ## # # ##??????????????????????? | | ????????# # ##??????????????????????? | | ????????# #??????????????????????? | | ????????# ##??????????????????????? | | ????????# ## #???????????????????????? | | ????????# ## # ###???????????????????????? | | ????????" #???????????????????????? | | ????????" ss #######?????????????????? | | ???????x" s@ #?????????????????? | | ????????" sss ##### #?????????????????? | | ????????# ## # ###???????????????????????? | | ????????# ?# ## #?????????????????????????? | | ????????# Y ?????????????????????????? | | ????????# ????????????????????????? | | ????????# ##????????????????????????? | | ????????# ##""""## ##?????????????????????????? | | ????????# ???????# #??????????????????????????? | | ????????# ????????# #??????????????????????????? | | ????????#??????????# #??????????????????????????? | | ???????????????????# ???????????????????????????? | | ???????????????????# ???????????????????????????? | | ???????????????????#s ???????????????????????????? | | ???????????????????# ???????????????????????????? | | ???????????????????+ ???????????????????????????? | | ???????????????????# ???????????????????????????? | | ???????????????????##????????????????????????????? | | ?????????????????????????????????????????????????? | | ?????????????????????????????????????????????????? | | ?????????????????????????????????????????????????? | | ?????????????????????????????????????????????????? | | ?????????????????????????????????????????????????? | | ?????????????????????????????????????????????????? | | ?????????????????????????????????????????????????? | +----------------------------------------------------+ Best States ------------- Heat Dissipation 56 Energy Generation 17 Energy Capacity 800 Matter Stores 300 Matter Capacity 300 Sight Range 20 Terrain Scan Density 10 Armor Coverage 375 Evasion (%) 64 Item Schematics ----------------- None Robot Schematics ------------------ None Fabricated ------------ Nothing Repaired ---------- Nothing Studied --------- None Alien Tech Used ----------------- None Achievements -------------- Dramatic Entrance Challenges ------------ None Cogshop Purchases (46) ------------------------ Hammer (Loot Box) Hover Unit (749) Hover Unit (749) Imp. Assault Rifle (699) Imp. Assault Rifle (699) Hrd. Light Armor Plating (699) Med. Armor Plating (699) Spread Laser (Loot Box) Hvy. Ion Engine (Loot Box) Adv. Beam Cannon (Loot Box) Imp. Aluminum Leg (636) Imp. Aluminum Leg (636) Rocket Launcher (1131) Titanium Leg (832) Titanium Leg (832) Hvy. Rocket Launcher (1274) Hvy. Rocket Launcher (1256) Nuclear Core (820) Hvy. Rocket Launcher (1125) Cld. Ion Engine (Loot Box) Lightning Gun (Loot Box) Gravmag Array (Loot Box) Lrn. Tractor Beam (Loot Box) Fission Core (Loot Box) Drone Bay (Loot Box) Gauss Rifle (1087) Gauss Rifle (1087) Cooling System (574) Tesla Rifle (Loot Box) Adv. Visual Processing Unit (Loot Box) Greatsword (1039) Hvy. Rocket Launcher (1282) Enh. Nuclear Core (1050) Gravmag Array (829) Gravmag Array (829) Flak Cannon (695) Bolt Gun (570) Lrn. Missile Launcher (1175) Lrn. Missile Launcher (1175) Launcher Loader (660) Hvy. Pick (462) Biomechanical Wings (1452) Cesium-ion Thruster (1161) Cesium-ion Thruster (1161) Cesium-ion Thruster (1161) Hyb. Deuterium Engine (704) Game ------ Seed MetafiberWaveMeganuke Manual? 0 Play Time 00:53:30 Cumulative 24.4 hours Start 2026.02.21 @ 23:24:06 End 2026.02.22 @ 00:16:49 Sessions 1 Manual Loads 0 Difficulty Rogue Special Mode AFD2019/Pay2Buy Game No. 23 Rogue 23 Adventurer 0 Explorer 0 Win Type - Total 0 Types 0/0/0/0/0/0/0/0/0/0 Lore% 13 Gallery% 25 Achievement% 23 Wizard Run 0 Options --------- Layout 0 ASCII 0 Keyboard 0 Movement Arrows Keybinds 0 Fullscreen 1 Font 18/SmallcapsGlow Map View 76x50 Zoom Use 0% Tactical HUD 1 Map Filters NONE Filters NONE Steam 1 RUN: 65fc7a76-9a26-47cb-ac39-17acc0e24b8c